 Dungeon Crawl Stone Soup version 0.22.0-49-gab54619 (console) character file.

3959 toffzen the Destroyer (level 10, -21/58 HPs)
             Began as a Deep Elf Conjurer on Sept 4, 2018.
             Was a Follower of Vehumet.
             Demolished by a death yak (25 damage)
             ... on level 7 of the Dungeon.
             The game lasted 00:44:16 (11720 turns).

toffzen the Destroyer (Deep Elf Conjurer)          Turns: 11720, Time: 00:44:17

Health: -21/58     AC:  3    Str:  5    XL:     10   Next: 2%
Magic:  1/25       EV: 17    Int: 24    God:    Vehumet [*.....]
Gold:   227        SH:  2    Dex: 15    Spells: 13/27 levels left

rFire    . . .     SeeInvis .   a - +3 dagger
rCold    . . .     Gourm    .   (no shield)
rNeg     + . .     Faith    .   f - +0 robe
rPois    .         Spirit   .   (no helmet)
rElec    .         Reflect  +   H - +0 cloak
rCorr    .         Harm     .   (no gloves)
MR       +....                  (no boots)
Stlth    ++........             g - +2 amulet of reflection
HPRegen  0.19/turn              j - ring of positive energy
MPRegen  0.19/turn              t - ring of wizardry

@: no status effects
A: no striking features
a: Renounce Religion


You were on level 7 of the Dungeon.
You worshipped Vehumet.
Vehumet was aware of your devotion.
You were not hungry.

You visited 2 branches of the dungeon, and saw 9 of its levels.

You collected 309 gold pieces.
You spent 82 gold pieces at shops.

Inventory:

Hand Weapons
 a - a +3 dagger (weapon)
 e - a +0 hunting sling
 h - a +0 spear
 k - a +0 blowgun
Missiles
 b - 263 stones (quivered)
 n - 21 poisoned needles
 s - 40 sling bullets
Armour
 f - a +0 robe (worn)
 G - a +1 robe of fire resistance
 H - a +0 cloak (worn)
Magical Staves
 p - an uncursed staff of summoning
Jewellery
 g - a +2 amulet of reflection (around neck)
 j - a ring of positive energy (left hand)
 t - a ring of wizardry (right hand)
 x - an uncursed ring of resist corrosion
 y - an uncursed ring of see invisible
Scrolls
 d - 4 scrolls of remove curse
 i - 3 scrolls of enchant armour
 m - a scroll of noise {unknown}
 o - a scroll of identify
 r - a scroll of fear {unknown}
 v - 4 scrolls of teleportation {unknown}
 z - a scroll of amnesia {unknown}
 A - a scroll of immolation {unknown}
 C - a scroll of blinking {unknown}
 D - 2 scrolls of random uselessness {unknown}
 E - a scroll of enchant weapon {unknown}
Potions
 q - 2 potions of magic
 u - a potion of mutation
 w - a potion of curing
 B - a potion of resistance
 F - a potion of berserk rage {unknown}
 I - a potion of might {unknown}
Comestibles
 c - 7 rations


   Skills:
 + Level 4.8 Fighting
 + Level 7.5 Dodging
 - Level 2.4 Stealth
 + Level 9.3 Spellcasting
 * Level 11.2 Conjurations


You had 13 spell levels left.
You knew the following spells:

 Your Spells              Type           Power        Failure   Level  Hunger
a - Magic Dart            Conj           ####         1%          1    None
b - Searing Ray           Conj           ######       1%          2    None
c - Iskenderun's Mystic   Conj           ######..     1%          4    ##.....
d - Dazzling Spray        Conj/Hex       #####.       1%          3    None
e - Fulminant Prism       Conj/Hex       #####.....   2%          4    ##.....

Your spell library contained the following spells:

 Spells                   Type           Power        Failure   Level  Hunger
 Flame Tongue             Conj/Fire      #####        1%          1    None
 Force Lance              Conj/Tloc      #####...     2%          4    ##.....


Dungeon Overview and Level Annotations

Branches:
Dungeon (8/15)             Temple (1/1) D:6
   Lair: D:8-11

Altars:
Ashenzari
Elyvilon
Gozag
Hepliaklqana
Makhleb
Nemelex Xobeh
Okawaru
Qazlal
Sif Muna
Vehumet
Wu Jian
Xom
Zin

Shops:
D:6 =*[!(   D:7 [


Message History

The death yak barely misses you.
Casting: Magic Dart (safe; 1% risk of failure)
Confirm with . or Enter, or press ? or * to list all spells.
Aiming: Magic Dart (safe; 1% risk of failure)
Press: ? - help, Shift-Dir - straight line, f/p - death yak
Aim: a death yak (almost dead)
The magic dart hits the death yak.
The death yak is almost dead.
The death yak misses you.
Casting: Magic Dart (safe; 1% risk of failure)
Confirm with . or Enter, or press ? or * to list all spells.
Aiming: Magic Dart (safe; 1% risk of failure)
Press: ? - help, Shift-Dir - straight line, f/p - death yak
Aim: a death yak (almost dead)
The magic dart hits the death yak.
The death yak is almost dead.
The death yak gores you.
* * * LOW HITPOINT WARNING * * *
The death yak gores you!!
You die...

...#####...##.).#.#.....##......#
...# #.....................##.#
..## #....#................##.#
..#########.#...................#
.................................
.......[...##<...................
.).........#....#####...#........
...........#....'...'...#.###....
......[....#....#####...#.# #....
.........†.#....#####...#'#######
....[....[.#....@Y..............#
.......[...#.##.................#
...........#+##.................#
...............[...####'#[#######
.##'##....<........'.##.#.).....#
.........#.#.......###..#..)....#
.).....#..∩..#########.##.......#
##.....###.#######.....##.......#
#.....# #.............##......(#
##....# #...#.........##.......(
#....# #...#.........##...#....


You could see a death yak.

Vanquished Creatures
  A death yak (D:7)
  2 yaks (D:8)
  A wyvern (D:8)
  A water moccasin (D:8)
  2 orc warriors (D:6)
  A sky beast (D:6)
  4 ogres
  A phantom (D:6)
  4 centaurs
  2 big kobolds (D:7)
  2 bullfrogs
  A scorpion (D:5)
  10 wights (D:7)
  2 howler monkeys (D:4)
  A bullfrog zombie (D:6)
  5 crimson imps
  4 orc wizards
  Crazy Yiuf (D:7)
  4 orc priests
  A centaur skeleton (D:7)
  3 hounds
  A jelly (D:5)
  An iguana (D:5)
  2 worker ants
  A worker ant zombie (D:7)
  9 gnolls
  9 adders
  An ooze (D:2)
  An adder skeleton (D:6)
  4 worms
  6 dart slugs
  5 leopard geckos
  14 orcs
  7 giant cockroaches
  8 goblins
  8 hobgoblins
  14 jackals
  17 kobolds
  4 quokkas
  4 ball pythons
  10 bats
  6 frilled lizards
  A leopard gecko zombie (D:5)
  A quokka skeleton (D:5)
  2 quokka zombies (D:5)
  6 rats
195 creatures vanquished.

Vanquished Creatures (others)
  An orc wizard (D:6)
  An orc (D:6)
  7 fulminant prisms
9 creatures vanquished.

Grand Total: 204 creatures vanquished

Notes
Turn   | Place    | Note
-------+----------+-------------------------------------------
     0 | D:1      | toffzen the Deep Elf Conjurer began the quest for the Orb.
     0 | D:1      | Reached XP level 1. HP: 10/10 MP: 6/6
    40 | D:1      | Reached XP level 2. HP: 15/15 MP: 1/8
   103 | D:1      | Learned a level 2 spell: Searing Ray
   212 | D:1      | Reached skill level 5 in Conjurations
   438 | D:1      | Reached XP level 3. HP: 19/19 MP: 7/10
  1658 | D:2      | Reached XP level 4. HP: 24/24 MP: 7/12
  1699 | D:2      | Learned a level 4 spell: Iskenderun's Mystic Blast
  2011 | D:2      | Reached skill level 6 in Conjurations
  2734 | D:3      | Reached XP level 5. HP: 28/28 MP: 12/14
  3879 | D:3      | Learned a level 3 spell: Dazzling Spray
  3892 | D:4      | Reached skill level 5 in Spellcasting
  4062 | D:4      | Noticed an ogre
  4070 | D:3      | Killed an ogre
  4070 | D:3      | Reached XP level 6. HP: 22/33 MP: 10/15
  4302 | D:4      | Reached skill level 1 in Fighting
  4346 | D:4      | Reached skill level 7 in Conjurations
  4862 | D:4      | Found a sparkling altar of Nemelex Xobeh.
  5455 | D:5      | Entered Level 5 of the Dungeon
  5455 | D:5      | Found a hazy altar of Hepliaklqana.
  5458 | D:5      | Found a burning altar of Makhleb.
  5610 | D:5      | Reached XP level 7. HP: 21/39 MP: 8/17
  6508 | D:6      | Reached skill level 8 in Conjurations
  6731 | D:6      | Reached XP level 8. HP: 40/45 MP: 13/20
  6783 | D:6      | Found Cesytuacha's Antique Weapon Shoppe.
  7017 | D:6      | Reached skill level 5 in Dodging
  7197 | D:6      | Found a staircase to the Ecumenical Temple.
  7202 | Temple   | Entered the Ecumenical Temple
  7239 | Temple   | Became a worshipper of Vehumet
  7300 | D:6      | Found Datiemyp's Assorted Antiques.
  7311 | D:6      | Learned a level 4 spell: Fulminant Prism
  7404 | D:6      | Reached skill level 9 in Conjurations
  7701 | D:6      | Found Doetuutz's Antique Armour Boutique.
  7864 | D:6      | Found Ripefy's Jewellery Shoppe.
  8233 | D:6      | Found Jukoosk's Distillery.
  8379 | D:6      | Bought a +2 amulet of reflection for 82 gold pieces
  8474 | D:6      | Found a stormy altar of Qazlal.
  8776 | D:7      | Found Reogunn's Armour Emporium.
  8907 | D:7      | Reached XP level 9. HP: 52/52 MP: 16/22
  9188 | D:7      | Reached * piety under Vehumet
  9188 | D:7      | Offered knowledge of Flame Tongue by Vehumet.
  9453 | D:7      | Reached skill level 10 in Conjurations
 10337 | D:7      | Found a runed door.
 10341 | D:7      | Noticed Crazy Yiuf
 10342 | D:7      | Killed Crazy Yiuf
 11031 | D:8      | Found an opulent altar of Gozag.
 11032 | D:8      | Noticed a death yak
 11036 | D:8      | Noticed a death yak
 11226 | D:8      | Noticed a death yak
 11525 | D:7      | Killed a death yak
 11525 | D:7      | Reached skill level 11 in Conjurations
 11525 | D:7      | Reached XP level 10. HP: 48/58 MP: 0/25
 11696 | D:7      | HP: 2/58 [death yak (13)]
 11720 | D:7      | Demolished by a death yak

Skill      XL: |  1  2  3  4  5  6  7  8  9 |
---------------+----------------------------+-----
Conjurations   | 5 6 7 8 9 11 | 11.2
Spellcasting   | 4 5 6 7 9 |  9.3
Dodging        | 3 4 6 7 |  7.5
Fighting       | 1 2 3 4 |  4.8
Stealth        | |  2.4

Action                   |  1- 3 |  4- 6 |  7- 9 | 10-12 || total
-------------------------+-------+-------+-------+-------++-------
Melee: Dagger            |       |     6 |     2 |       ||     8
 Cast: Magic Dart        |    61 |   125 |    99 |     7 ||   292
       Searing Ray       |     5 |     7 |     7 |       ||    19
       Iskenderun's Myst |       |    18 |   103 |     6 ||   127
       Fulminant Prism   |       |       |     7 |       ||     7
Evoke: Wand              |       |     1 |     5 |       ||     6
  Use: Scroll            |       |     4 |     4 |       ||     8
 Stab: Sleeping          |       |       |     1 |       ||     1
  Eat: Chunk             |     2 |    13 |    12 |       ||    27
       Ration            |       |     1 |     4 |       ||     5
Armor: Robe              |     3 |     3 |     5 |       ||    11
Dodge: Dodged            |     7 |    13 |    33 |    10 ||    63
Block: Other             |       |       |     3 |       ||     3
       Reflection        |       |       |     1 |       ||     1
